 Dungeon Crawl Stone Soup version 0.21-a0-273-g0785366 (webtiles) character file.

2917 Lavandula the Grappler (level 9, 0/80 HPs)
             Began as a Ghoul Warper on Sept 17, 2017.
             Was a Believer of Cheibriados.
             Slain by a hippogriff (2 damage)
             ... on level 9 of the Dungeon.
             The game lasted 00:29:16 (4751 turns).

Lavandula the Grappler (Ghoul Warper)               Turns: 4751, Time: 00:29:17

Health: 0/80       AC:  3    Str: 19    XL:     9   Next: 79%
Magic:  0/12       EV: 16    Int: 12    God:    Cheibriados [**....]
Gold:   301        SH:  0    Dex: 15    Spells: 3/14 levels left

rFire    . . .     SeeInvis +     - Unarmed
rCold    + . .     Gourm    .   (no shield)
rNeg     + + +     Faith    .   a - +0 leather armour
rPois    ∞         Spirit   .   (no helmet)
rElec    .         Reflect  .   (no cloak)
rCorr    .         Harm     .   (no gloves)
MR       .....                  (no boots)
Stlth    +.........             u - amulet of regeneration
HPRegen  0.00/turn              l - ring of see invisible
MPRegen  0.13/turn              (no ring)

@: very slightly contaminated, rotting, invisible, very slow
A: rotting body, claws 1, carnivore 3, cold resistance 1, negative energy
resistance 3, inhibited regeneration, torment resistance, unbreathing
a: Bend Time, Renounce Religion


You were on level 9 of the Dungeon.
You worshipped Cheibriados.
Cheibriados was pleased with you.
You were not hungry.

You visited 2 branches of the dungeon, and saw 10 of its levels.

You collected 301 gold pieces.

Inventory:

Hand Weapons
 w - a +2 battleaxe
 x - a cursed +4 mace
 y - a +3 war axe
Missiles
 g - 5 tomahawks (quivered)
Armour
 a - a +0 leather armour (worn)
 k - a +0 buckler
 s - a +0 pair of gloves
Magical Staves
 h - an uncursed staff of conjuration {unknown}
Jewellery
 l - a ring of see invisible (left claw)
 u - an amulet of regeneration (around neck)
Wands
 c - a wand of polymorph (12/24)
 e - a wand of flame (33/48)
 m - a wand of paralysis (17/24)
Scrolls
 i - a scroll of enchant weapon
 j - a scroll of acquirement {unknown}
 o - a scroll of recharging
 q - a scroll of magic mapping
 r - a scroll of immolation {unknown}
Potions
 d - a potion of curing
 p - a potion of lignification {unknown}
 v - a potion of might
 z - a potion of cancellation {unknown}
 C - a potion of brilliance {unknown}
Books
 b - a book of Spatial Translocations

   Spells                             Type                      Level
   a - Blink                          Translocation                2
   b - Shroud of Golubria             Charms/Translocation         2
   c - Lesser Beckoning               Translocation                3
   d - Gell's Gravitas                Translocation                3
   e - Teleport Other                 Translocation                3
   f - Passage of Golubria            Translocation                4
 A - a book of Maledictions

   Spells                             Type                      Level
   a - Corona                         Hexes                        1
   b - Ensorcelled Hibernation        Hexes/Ice                    2
   c - Confuse                        Hexes                        3
   d - Tukima's Dance                 Hexes                        3
   e - Dazzling Spray                 Conjuration/Hexes            3
Comestibles
 f - 2 meat rations
 B - a royal jelly


   Skills:
 - Level 7.6 Fighting
 - Level 0.8 Throwing
 - Level 0.8 Armour
 - Level 6.5 Dodging
 - Level 8.2 Unarmed Combat
 + Level 3.1 Spellcasting
 - Level 2.6 Translocations
 - Level 3.8 Evocations


You had 3 spell levels left.
You knew the following spells:

 Your Spells              Type           Power        Failure   Level  Hunger
a - Blink                 Tloc           N/A          14%         2    ###....
b - Shroud of Golubria    Chrm/Tloc      #.........   26%         2    ###....
c - Teleport Other        Tloc           #.......     28%         3    ###....
d - Passage of Golubria   Tloc           N/A          67%         4    #####..


Dungeon Overview and Level Annotations

Branches:
Dungeon (9/15)             Temple (1/1) D:6             Orc (0/2) D:9
   Lair: D:8-11

Altars:
Ashenzari
Cheibriados
Dithmenos
Elyvilon
Fedhas
Gozag
Hepliaklqana
Makhleb
Nemelex Xobeh
Okawaru
Qazlal
Ru
Sif Muna
Trog
Uskayaw
Wu Jian
Xom
Yredelemnul
Zin
Beogh

Shops:
D:4 =

Annotations:
D:6 WhatIsLove's ghost, novice DrTm


Innate Abilities, Weirdness & Mutations

Your body is rotting away.
You thrive on raw meat.
You are immune to poison.
You have sharp fingernails.
You are carnivorous and can eat meat at any time.
Your flesh is cold resistant. (rC+)
You are immune to negative energy. (rN+++)
You do not regenerate when monsters are visible.
You are immune to unholy pain and torment.
You can survive without breathing.


Message History

The hippogriff bites you! The hippogriff pecks you!
* * * LOW HITPOINT WARNING * * *
The hippogriff claws you.
* * * LOW HITPOINT WARNING * * *
Okay, then.
Unknown command.
Found an escape hatch in the ceiling.
The hippogriff bites you.
* * * LOW HITPOINT WARNING * * *
The hippogriff pecks you.
* * * LOW HITPOINT WARNING * * *
The hippogriff closely misses you.
Casting: Blink
Confirm with . or Enter, or press ? or * to list all spells.
You blink.
Okay, then.
You fade into invisibility!
You fade further into invisibility.
The hippogriff bites you.
You die...

....#.......#....# .#
....#.......#....# ..#
....#.......#....# ..#
....#.......#..).#...#
....#.......#....#...#
#####..>....#....#...###
................).......
..............).........
...............H@?......
..######...#().#######..
..# ......#...... ..#
.......#........
..#........#........<
############....#####
..<.g..... ......
..g...............
..g.g.....


You could see a hippogriff.

Vanquished Creatures
  A manticore (D:6)
  A hippogriff (D:6)
  A water moccasin (D:9)
  An orc warrior (D:9)
  A phantom (D:5)
  A sky beast (D:6)
  A hornet zombie (D:7)
  2 ogres
  2 big kobolds
  Blork the orc (D:5)
  2 bullfrogs
  6 killer bees (D:7)
  A howler monkey (D:8)
  6 wights
  2 crimson imps
  2 bullfrog zombies
  A bullfrog skeleton (D:4)
  A hound (D:6)
  A gnoll shaman (D:9)
  A jelly (D:7)
  5 orc priests
  2 orc wizards
  An iguana (D:7)
  5 worker ants
  A hound zombie (D:5)
  2 hound skeletons (D:5)
  8 adders
  5 gnolls
  2 oozes
  An adder skeleton (D:4)
  An adder zombie (D:7)
  A worm (D:4)
  5 leopard geckos
  23 orcs
  A bat (D:2)
  2 giant cockroaches
  6 goblins
  2 hobgoblins
  2 jackals (D:9)
  2 quokkas
  7 frilled lizards
  15 kobolds
  A leopard gecko zombie (D:9)
  3 rats
138 creatures vanquished.

Notes
Turn   | Place    | Note
-------+----------+-------------------------------------------
     0 | D:1      | Lavandula the Ghoul Warper began the quest for the Orb.
     0 | D:1      | Reached XP level 1. HP: 17/17 MP: 2/2
   328 | D:1      | Reached XP level 2. HP: 24/24 MP: 3/3
   410 | D:2      | Reached skill level 3 in Unarmed Combat
   481 | D:3      | Reached XP level 3. HP: 14/29 MP: 4/4
   485 | D:3      | Learned a level 2 spell: Blink
   488 | D:3      | Learned a level 2 spell: Shroud of Golubria
   562 | D:3      | Reached skill level 4 in Unarmed Combat
   584 | D:3      | Found a deep blue altar of Sif Muna.
   809 | D:4      | Reached XP level 4. HP: 21/36 MP: 1/5
   835 | D:4      | Reached skill level 5 in Unarmed Combat
   856 | D:4      | Reached XP level 5. HP: 36/41 MP: 1/6
   870 | D:5      | Entered Level 5 of the Dungeon
   874 | D:5      | Noticed Blork the orc
   967 | D:4      | Found a sacrificial altar of Ru.
  1079 | D:5      | Reached skill level 6 in Unarmed Combat
  1178 | D:5      | Reached XP level 6. HP: 6/48 MP: 7/7
  1228 | D:5      | Noticed a phantom
  1270 | D:5      | Killed a phantom
  1270 | D:5      | Reached skill level 7 in Unarmed Combat
  1962 | D:5      | Reached XP level 7. HP: 42/56 MP: 5/8
  2028 | D:4      | Found Vovin's Jewellery Boutique.
  2302 | D:5      | Killed Blork the orc
  2846 | D:6      | Reached skill level 5 in Dodging
  2866 | D:6      | Found a stormy altar of Qazlal.
  2868 | D:6      | Noticed a water elemental
  2881 | D:6      | Reached XP level 8. HP: 53/61 MP: 6/9
  2891 | D:6      | Found a sparkling altar of Nemelex Xobeh.
  2929 | D:6      | Noticed a hippogriff
  2949 | D:6      | Killed a hippogriff
  2990 | D:6      | Found a basalt altar of Yredelemnul.
  2991 | D:6      | Noticed a manticore
  3021 | D:6      | Killed a manticore
  3090 | D:6      | Found a shimmering altar of Xom.
  3090 | D:6      | Found a sacrificial altar of Ru.
  3091 | D:6      | Found an iron altar of Okawaru.
  3092 | D:6      | Found an opulent altar of Gozag.
  3093 | D:6      | Noticed WhatIsLove's ghost (novice DrTm)
  3111 | D:6      | Found a stormy altar of Qazlal.
  3112 | D:6      | Found a glowing silver altar of Zin.
  3174 | D:5      | Reached XP level 9. HP: 42/73 MP: 6/10
  3179 | D:5      | Learned a level 3 spell: Teleport Other
  3221 | D:5      | Reached skill level 5 in Fighting
  3314 | D:6      | Found a staircase to the Ecumenical Temple.
  3335 | Temple   | Entered the Ecumenical Temple
  3364 | Temple   | Became a worshipper of Cheibriados the Contemplative
  3664 | D:7      | Found a hide-covered altar of Uskayaw.
  3929 | D:7      | Learned a level 4 spell: Passage of Golubria
  4091 | D:8      | Reached * piety under Cheibriados
  4384 | D:8      | Found a hazy altar of Hepliaklqana.
  4484 | D:9      | Found a staircase to the Orcish Mines.
  4499 | D:9      | Found a roughly hewn altar of Beogh.
  4504 | D:9      | Reached skill level 8 in Unarmed Combat
  4558 | D:9      | Reached ** piety under Cheibriados
  4748 | D:9      | HP: 2/80 [hippogriff (6)]
  4751 | D:9      | Slain by a hippogriff

Vault maps used:
D:1:      nzn_arrival_depleted_hourglass
D:2:      bloody_makhleb
D:3:      nicolae_overflow_crystal_walls, gammafunk_temple_overflow_forgotten,
          minivault_11, grunt_ministairs_5, minmay_lizard_king
D:4:      serial_shops, shop, nicolae_ru_path_of_blood
D:5:      first_bread, uniq_blork_the_orc
D:6:      minmay_overflow_temple_hex, minmay_temple_entry_butterflies,
          hangedman_feature_mirror, kennysheep_nondescript, grunt_ministairs_15,
          kennysheep_cross_room, nicolae_qazlal_style_of_elements
D:7:      serial_shops, kennysheep_mini, the_bakery, lemuel_statue_altar,
          uniq_menkaure
D:8:      basic_altar
D:9:      minmay_orc_entry_temple_small, elyvilon_altar_5
Temple:   minmay_temple_bridge_abc

Skill      XL: |  1  2  3  4  5  6  7  8  9 |
---------------+----------------------------+-----
Unarmed Combat | 3 4 5 6 7 8 |  8.2
Dodging        | 3 5 6 |  6.5
Evocations     | 3 |  3.8
Fighting       | 4 7 |  7.6
Spellcasting   | 3 |  3.1
Throwing       | |  0.8
Armour         | |  0.8
Translocations | |  2.6

Action                   |  1- 3 |  4- 6 |  7- 9 || total
-------------------------+-------+-------+-------++-------
Melee: Unarmed           |   105 |    90 |   436 ||   631
       Punch             |       |     1 |    15 ||    16
Throw: Tomahawk          |     5 |     3 |     3 ||    11
 Cast: Shroud of Golubri |     4 |     6 |    17 ||    27
       Blink             |       |     4 |    14 ||    18
Evoke: Wand              |       |     5 |     7 ||    12
  Use: Scroll            |       |     8 |     9 ||    17
       Potion            |       |     2 |     5 ||     7
 Stab: Paralysed         |       |       |    16 ||    16
       Sleeping          |       |       |     1 ||     1
       Invisible         |       |       |     3 ||     3
  Eat: Chunk             |    14 |    13 |    62 ||    89
Armor: Leather armour    |    33 |     6 |    39 ||    78
Dodge: Dodged            |    70 |    39 |   282 ||   391

Table legend:
 A = Spawn XP
 B = Non-spawn XP
 C = Spawn XP percentage of total XP
 D = Spawn monster count
 E = Non-spawn monster count
 F = Spawn count percentage of total count
 G = Total turns spent on level
                    A         B        C        D         E        F      G
               +---------+---------+-------+---------+---------+-------+---------
         Total |       0 |    4168 |   0.0 |       0 |     138 |   0.0 |  4751
               +---------+---------+-------+---------+---------+-------+---------
           D:1 |       0 |      11 |   0.0 |       0 |       7 |   0.0 |   348
           D:2 |       0 |       8 |   0.0 |       0 |       5 |   0.0 |    88
           D:3 |       0 |      60 |   0.0 |       0 |      16 |   0.0 |   342
           D:4 |       0 |     310 |   0.0 |       0 |      11 |   0.0 |  1051
           D:5 |       0 |     766 |   0.0 |       0 |      26 |   0.0 |  1114
           D:6 |       0 |    1374 |   0.0 |       0 |      21 |   0.0 |   489
           D:7 |       0 |     702 |   0.0 |       0 |      14 |   0.0 |   491
           D:8 |       0 |     219 |   0.0 |       0 |      15 |   0.0 |   464
           D:9 |       0 |     718 |   0.0 |       0 |      23 |   0.0 |   314
               +---------+---------+-------+---------+---------+-------+---------
